Construct Section Command Post
Construct Platoon Command Post
6-pounder Anti-tank Gun Team
Construct Company Command Post
Unlock M3 Grant Medium Tanks
Selects Heavy Armor Battlegroup
Selects Engineer Detachments
Selects Forward Repair Assembly
Selects UNKNOWN (2162094)
Selects Light Vehicle Withdraw and Refit
Unlock Towed 17-pounder Anti-tank Guns
Unlock Bishop Self-propelled Artillery
Bishop Self-propelled Artillery